 Dungeon Crawl Stone Soup version 0.26.1-11-gd32895ea62 (webtiles) character file.

Game seed: 696194367412840557

12574 Hugehornet the Blocker (level 11, 0/89 HPs)
             Began as a Gnoll Fighter on July 18, 2021.
             Was an Initiate of Gozag.
             Slain by a white ugly thing (15 damage)
             ... on level 12 of the Dungeon.
             The game lasted 00:30:45 (13063 turns).

Hugehornet the Blocker (Gnoll Fighter)             Turns: 13063, Time: 00:30:47

Health: 0/89       AC: 17    Str: 25    XL:     11   Next: 95%
Magic:  21/21      EV: 10    Int: 13    God:    Gozag
Gold:   545        SH: 12    Dex: 15    Spells: 23/23 levels left

rFire    . . .     SeeInvis .   b - +0 broad axe (flame)
rCold    + . .     Faith    .   c - +0 kite shield
rNeg     . . .     Spirit   .   O - +0 plate armour
rPois    .         Reflect  .   (no helmet)
rElec    .         Harm     .   z - scarf {repulsion}
rCorr    .         Rampage  .   M - +2 pair of gloves
Will     .....                  (no boots)
Stlth    ..........             I - amulet of magic regeneration
HPRegen  0.24/turn              H - ring of protection from cold
MPRegen  0.42/turn              E - +6 ring of strength

@: gold aura, repel missiles
A: distributed training, fangs 1, strong nose
a: Renounce Religion, Potion Petition, Call Merchant, Bribe Branch


You were on level 12 of the Dungeon.
You worshipped Gozag.
Gozag was pleased with you.
You visited 2 branches of the dungeon, and saw 13 of its levels.

You collected 1798 gold pieces.
You spent 272 gold pieces at shops.
You paid 981 gold pieces to Gozag.

Inventory:

Hand Weapons
 b - a +0 broad axe of flaming (weapon)
 d - a +1 antimagic dagger
 h - a +1 trident
 n - a +2 hunting sling of freezing
 F - a +2 whip of venom
 L - a +4 scimitar of flaming
 N - a +2 whip of freezing
Missiles
 o - 43 sling bullets
 q - 52 poisoned darts
 u - 8 javelins
 P - a throwing net
 Q - 4 boomerangs of dispersal
Armour
 c - a +0 kite shield (worn)
 r - +0 steam dragon scales
 z - a scarf of repulsion (worn)
 G - the +1 cloak of Yredelemnul's Fury {SInv}
   (You bought it in a shop on level 4 of the Dungeon)

   It lets you see invisible.
 M - a +2 pair of gloves (worn)
 O - a +0 plate armour (worn)
Jewellery
 D - an uncursed ring of poison resistance
 E - a +6 ring of strength (right hand)
 H - a ring of protection from cold (left hand)
 I - an amulet of magic regeneration (around neck)
Wands
 y - a wand of iceblast (6) (quivered)
 K - a wand of polymorph (4)
Scrolls
 a - a scroll of identify
 e - a scroll of teleportation
 f - 4 scrolls of amnesia
 i - 4 scrolls of magic mapping {unknown}
 k - 2 scrolls of enchant armour {unknown}
 m - 4 scrolls of blinking {unknown}
 p - a scroll of fear {unknown}
 s - 4 scrolls of remove curse
 t - 2 scrolls of random uselessness {unknown}
 A - 4 scrolls of fog {unknown}
 B - 3 scrolls of immolation {unknown}
 J - a scroll of vulnerability {unknown}
 U - a scroll of noise {unknown}
Potions
 g - 2 potions of lignification
 j - 2 potions of curing
 l - 2 potions of invisibility {unknown}
 v - 2 potions of magic
 w - a potion of cancellation {unknown}
 x - a potion of flight {unknown}
 C - a potion of resistance {unknown}
 R - a potion of ambrosia {unknown}
 S - a potion of haste
 T - 2 potions of mutation {unknown}


   Skills:
 + Level 9.5 Fighting
 + Level 6.7 Short Blades
 + Level 6.7 Long Blades
 + Level 8.2 Axes
 + Level 6.7 Maces & Flails
 + Level 6.7 Polearms
 + Level 6.7 Staves
 + Level 6.7 Slings
 + Level 6.7 Bows
 + Level 6.7 Crossbows
 + Level 6.7 Throwing
 + Level 9.5 Armour
 + Level 6.7 Dodging
 + Level 6.7 Stealth
 + Level 9.5 Shields
 + Level 6.7 Unarmed Combat
 + Level 6.7 Spellcasting
 + Level 5.6 Conjurations
 + Level 5.6 Hexes
 + Level 5.6 Summonings
 + Level 5.6 Necromancy
 + Level 5.6 Translocations
 + Level 5.6 Transmutations
 + Level 5.6 Fire Magic
 + Level 5.6 Ice Magic
 + Level 5.6 Air Magic
 + Level 5.6 Earth Magic
 + Level 5.6 Poison Magic
 + Level 7.4 Invocations
 + Level 6.7 Evocations


You had 23 spell levels left.
You didn't know any spells.
Your spell library contained the following spells:

 Spells                   Type           Power        Failure   Level
 Freeze                   Ice            76%          34%         1
 Sandblast                Erth           38%          34%         1
 Passwall                 Tmut/Erth      15%          45%         2
 Poisonous Vapours        Pois/Air       38%          45%         2
 Conjure Flame            Conj/Fire      19%          71%         3
 Frozen Ramparts          Ice            38%          71%         3
 Mephitic Cloud           Conj/Pois/Air  19%          71%         3
 Ozocubu's Armour         Ice            19%          71%         3
 Stone Arrow              Conj/Erth      38%          71%         3
 Hailstorm                Conj/Ice       19%          98%         4
 Petrify                  Tmut/Erth      19%          98%         4
 Summon Ice Beast         Ice/Summ       19%          98%         4
 Summon Lightning Spire   Summ/Air       19%          98%         4
 Lee's Rapid Deconstruct  Erth           9%           100%        5
 Silence                  Hex/Air        9%           100%        5
 Conjure Ball Lightning   Conj/Air       9%           100%        6
 Freezing Cloud           Conj/Ice/Air   9%           100%        6
 Tornado                  Air            9%           100%        9


Dungeon Overview and Level Annotations

Branches:
Dungeon (12/15)            Temple (1/1) D:6            Lair (0/6) D:11
    Orc: D:9-12

Altars:
Ashenzari
Cheibriados
Dithmenos
Elyvilon
Fedhas
Gozag
Hepliaklqana
Kikubaaqudgha
Makhleb
Nemelex Xobeh
Okawaru
Qazlal
Ru
Sif Muna
Trog
Uskayaw
Vehumet
Wu Jian
Xom
Yredelemnul
Zin
The Shining One

Shops:
D:4 [   D:5 *   D:6 [   D:8 *


Innate Abilities, Weirdness & Mutations

Your experience applies equally to all skills.
You have very sharp teeth.
Your uncanny sense of smell can sniff out nearby items.


Message History

You bite the white ugly thing.
The white ugly thing is almost dead.
The white ugly thing tentacle-slaps you but does no damage.
You closely miss the white ugly thing.
The white ugly thing is almost dead.
You block the white ugly thing's attack.
The white ugly thing closely misses you.
You barely miss the white ugly thing.
You bite the white ugly thing, but do no damage.
The white ugly thing is almost dead.
The water moccasin is no longer distracted by gold.
You block the white ugly thing's attack.
You completely miss the white ugly thing.
The white ugly thing is almost dead.
The water moccasin becomes distracted by the nearby gold, dreaming of imaginary riches.
The white ugly thing tentacle-slaps you!
* * * LOW HITPOINT WARNING * * *
The white ugly thing freezes you! You resist.
You die...
Your body crumbles into a pile of gold.

### ∆ #.. ..# #
#.# #.#.# #.#
#.#. #.# #). #.#
#.#
#.#####.########.
#........@uS.....
#..)....$$######.
#<#######.# #.#
#.# #.# #.# #.#
#.# #.# #.# #.#
#.# $ #.#


You could see a white ugly thing and a water moccasin (unaware).

Vanquished Creatures
  A hydra (D:10)
  Erica (D:8)
  3 two-headed ogres
  Pikel (D:8)
  A manticore (D:12)
  2 ugly things (D:11)
  Maggie (D:6)
  4 trolls
  A merfolk (D:10)
  A wraith (D:11)
  6 yaks (D:10)
  A wyvern (D:10)
  2 steam dragons
  Menkaure (D:5)
  A soldier ant (D:11)
  2 orc warriors
  2 eyes of draining (D:10)
  5 ice beasts
  2 sky beasts
  3 black bears
  3 phantoms
  3 necrophages
  3 ogres
  3 centaurs
  4 big kobolds
  2 bullfrogs
  2 scorpions
  10 wights (D:10)
  A bullfrog zombie (D:11)
  4 hounds
  4 jellies
  5 orc wizards
  7 bullfrog skeletons
  3 orc priests
  Crazy Yiuf (D:7)
  5 iguanas
  8 worker ants
  A killer bee zombie (D:10)
  2 hound skeletons
  2 worker ant zombies
  A howler monkey skeleton (D:4)
  13 gnolls
  15 adders
  A white imp (D:7)
  An ufetubus (D:7)
  An adder zombie (D:8)
  A worm (D:4)
  4 dart slugs
  9 leopard geckos
  45 orcs
  3 giant cockroaches
  9 goblins
  9 hobgoblins
  5 jackals (D:5)
  29 kobolds
  4 quokkas
  2 ball pythons
  6 bats
  6 frilled lizards
  A jackal skeleton (D:7)
  A quokka skeleton (D:9)
  7 rats
287 creatures vanquished.

Notes
Turn   | Place    | Note
-------+----------+-------------------------------------------
     0 | D:1      | Hugehornet the Gnoll Fighter began the quest for the Orb.
     0 | D:1      | Reached XP level 1. HP: 23/23 MP: 1/1
   253 | D:1      | Reached XP level 2. HP: 26/29 MP: 2/2
   565 | D:1      | Reached XP level 3. HP: 35/35 MP: 3/3
  1223 | D:2      | Reached skill level 1 in Invocations
  1322 | D:2      | Reached skill level 1 in Short Blades
  1322 | D:2      | Reached skill level 1 in Long Blades
  1322 | D:2      | Reached skill level 1 in Maces & Flails
  1322 | D:2      | Reached skill level 1 in Polearms
  1322 | D:2      | Reached skill level 1 in Staves
  1322 | D:2      | Reached skill level 1 in Slings
  1322 | D:2      | Reached skill level 1 in Bows
  1322 | D:2      | Reached skill level 1 in Crossbows
  1322 | D:2      | Reached skill level 1 in Throwing
  1322 | D:2      | Reached skill level 1 in Dodging
  1322 | D:2      | Reached skill level 1 in Stealth
  1322 | D:2      | Reached skill level 1 in Unarmed Combat
  1322 | D:2      | Reached skill level 1 in Spellcasting
  1322 | D:2      | Reached skill level 1 in Evocations
  1477 | D:2      | Reached XP level 4. HP: 41/41 MP: 5/5
  1844 | D:2      | Reached skill level 1 in Conjurations
  1844 | D:2      | Reached skill level 1 in Hexes
  1844 | D:2      | Reached skill level 1 in Summonings
  1844 | D:2      | Reached skill level 1 in Necromancy
  1844 | D:2      | Reached skill level 1 in Translocations
  1844 | D:2      | Reached skill level 1 in Transmutations
  1844 | D:2      | Reached skill level 1 in Fire Magic
  1844 | D:2      | Reached skill level 1 in Ice Magic
  1844 | D:2      | Reached skill level 1 in Air Magic
  1844 | D:2      | Reached skill level 1 in Earth Magic
  1844 | D:2      | Reached skill level 1 in Poison Magic
  1852 | D:2      | Reached XP level 5. HP: 19/47 MP: 6/6
  3180 | D:4      | Reached XP level 6. HP: 34/53 MP: 8/8
  3337 | D:4      | Noticed an ice beast
  3350 | D:4      | Killed an ice beast
  3351 | D:4      | Reached skill level 5 in Axes
  3720 | D:4      | Found an iron altar of Okawaru.
  3777 | D:4      | Found Eclumm's Antique Armour Emporium.
  3830 | D:4      | Bought an ichor-stained cloak for 247 gold pieces
  3840 | D:4      | Identified the +1 cloak of Yredelemnul's Fury {SInv} (You
                  | bought it in a shop on level 4 of the Dungeon)
  4246 | D:4      | Reached XP level 7. HP: 59/59 MP: 10/10
  4401 | D:5      | Entered Level 5 of the Dungeon
  4415 | D:5      | Found Qaast's Assorted Antiques.
  4422 | D:5      | Noticed Menkaure
  4432 | D:5      | Killed Menkaure
  4772 | D:5      | Bought a scroll labelled FESSAU DIUNAL for 25 gold pieces
  5313 | D:6      | Found a sparkling altar of Nemelex Xobeh.
  5329 | D:6      | Reached XP level 8. HP: 66/67 MP: 12/12
  5361 | D:6      | Found a blossoming altar of Fedhas.
  5606 | D:6      | Noticed Maggie
  5626 | D:6      | Killed Maggie
  5690 | D:6      | Found a staircase to the Ecumenical Temple.
  5701 | Temple   | Entered the Ecumenical Temple
  6025 | D:6      | Found Aghaph's Antique Armour Shop.
  6512 | D:7      | Reached XP level 9. HP: 73/73 MP: 14/14
  6574 | D:7      | Found a runed translucent door.
  6575 | D:7      | Noticed Crazy Yiuf
  6809 | D:7      | Found a sparkling altar of Nemelex Xobeh.
  6912 | D:7      | Killed Crazy Yiuf
  7038 | Temple   | Became a worshipper of Gozag Ym Sagoz the Greedy
  7085 | D:8      | Found Deucw's Lightly-Used Armoury.
  7102 | D:8      | Noticed Erica
  7222 | D:8      | Killed Erica
  7405 | D:8      | Reached skill level 5 in Invocations
  7789 | D:8      | Found a stormy altar of Qazlal.
  7790 | D:8      | Noticed Pikel
  7803 | D:8      | Killed Pikel
  7804 | D:8      | Reached XP level 10. HP: 77/80 MP: 17/17
  7985 | D:9      | Reached skill level 5 in Short Blades
  7985 | D:9      | Reached skill level 5 in Long Blades
  7985 | D:9      | Reached skill level 5 in Maces & Flails
  7985 | D:9      | Reached skill level 5 in Polearms
  7985 | D:9      | Reached skill level 5 in Staves
  7985 | D:9      | Reached skill level 5 in Slings
  7985 | D:9      | Reached skill level 5 in Bows
  7985 | D:9      | Reached skill level 5 in Crossbows
  7985 | D:9      | Reached skill level 5 in Throwing
  7985 | D:9      | Reached skill level 5 in Dodging
  7985 | D:9      | Reached skill level 5 in Stealth
  7985 | D:9      | Reached skill level 5 in Unarmed Combat
  7985 | D:9      | Reached skill level 5 in Spellcasting
  7985 | D:9      | Reached skill level 5 in Evocations
  8363 | D:9      | Noticed a two-headed ogre
  8373 | D:9      | Killed a two-headed ogre
  9705 | D:10     | Entered Level 10 of the Dungeon
  9709 | D:10     | Noticed a two-headed ogre
  9718 | D:10     | Killed a two-headed ogre
  9945 | D:10     | Reached XP level 11. HP: 85/86 MP: 19/19
 10316 | D:10     | Reached skill level 5 in Conjurations
 10316 | D:10     | Reached skill level 5 in Hexes
 10316 | D:10     | Reached skill level 5 in Summonings
 10316 | D:10     | Reached skill level 5 in Necromancy
 10316 | D:10     | Reached skill level 5 in Translocations
 10316 | D:10     | Reached skill level 5 in Transmutations
 10316 | D:10     | Reached skill level 5 in Fire Magic
 10316 | D:10     | Reached skill level 5 in Ice Magic
 10316 | D:10     | Reached skill level 5 in Air Magic
 10316 | D:10     | Reached skill level 5 in Earth Magic
 10316 | D:10     | Reached skill level 5 in Poison Magic
 10392 | D:10     | Noticed a six-headed hydra
 10405 | D:10     | Killed a one-headed hydra
 10757 | D:10     | Noticed a two-headed ogre
 11111 | D:10     | Killed a two-headed ogre
 11691 | D:11     | Noticed a green ugly thing
 11700 | D:11     | Killed a green ugly thing
 12276 | D:11     | Found a staircase to the Lair.
 12924 | D:11     | Noticed a red ugly thing
 12934 | D:11     | Killed a red ugly thing
 13038 | D:12     | Noticed a manticore
 13045 | D:12     | Noticed a white ugly thing
 13048 | D:12     | Killed a manticore
 13063 | D:12     | Slain by a white ugly thing

Illustrated notes

Levels and vault maps discovered:
D:1:      wander_arrival_desolate, layout_basic
D:2:      layout_basic, minmay_3d_cube
D:3:      layout_basic
D:4:      layout_gridville, serial_shops, nicolae_shop_window_shopping,
          okawaru_trees_2
D:5:      layout_cave_pools, serial_shops, nicolae_shop_stone, uniq_menkaure
D:6:      layout_loops_corners, minmay_temple_entry_poolview, serial_shops,
          nicolae_shop_behind_doors, serial_glass, glass_columns_a,
          glass_columns_c, basic_altar, fedhas_altar_1, uniq_maggie
D:7:      layout_rooms, lemuel_coloured_pillars_altar, uniq_crazy_yiuf_cottage
D:8:      layout_basic, basic_altar, minmay_shop_damaged, uniq_pikel, uniq_erica
D:9:      layout_irregular_city, hangedman_abyss_or_decor_stagger,
          grunt_decor_arrowhead
D:10:     layout_cave_pools, special_room [special_room_orc],
          hangedman_fish_farm
D:11:     layout_loops_corners, lair_entry_dummy
D:12:     layout_loops_ring
Temple:   grunt_wide_crystal_templ

Skill      XL: |  1  2  3  4  5  6  7  8  9 10 11 |
---------------+----------------------------------+-----
Invocations    | 1 2 3 4 5 6 7 |  7.4
Short Blades   | 1 2 3 4 5 6 |  6.7
Long Blades    | 1 2 3 4 5 6 |  6.7
Maces & Flails | 1 2 3 4 5 6 |  6.7
Polearms       | 1 2 3 4 5 6 |  6.7
Staves         | 1 2 3 4 5 6 |  6.7
Slings         | 1 2 3 4 5 6 |  6.7
Bows           | 1 2 3 4 5 6 |  6.7
Crossbows      | 1 2 3 4 5 6 |  6.7
Throwing       | 1 2 3 4 5 6 |  6.7
Dodging        | 1 2 3 4 5 6 |  6.7
Stealth        | 1 2 3 4 5 6 |  6.7
Unarmed Combat | 1 2 3 4 5 6 |  6.7
Spellcasting   | 1 2 3 4 5 6 |  6.7
Evocations     | 1 2 3 4 5 6 |  6.7
Conjurations   | 1 2 3 4 5 |  5.6
Hexes          | 1 2 3 4 5 |  5.6
Summonings     | 1 2 3 4 5 |  5.6
Necromancy     | 1 2 3 4 5 |  5.6
Translocations | 1 2 3 4 5 |  5.6
Transmutations | 1 2 3 4 5 |  5.6
Fire Magic     | 1 2 3 4 5 |  5.6
Ice Magic      | 1 2 3 4 5 |  5.6
Air Magic      | 1 2 3 4 5 |  5.6
Earth Magic    | 1 2 3 4 5 |  5.6
Poison Magic   | 1 2 3 4 5 |  5.6
Axes           | 5 6 7 8 |  8.2
Fighting       | 7 8 9 |  9.5
Armour         | 7 8 9 |  9.5
Shields        | 7 8 9 |  9.5

Action                   |  1- 3 |  4- 6 |  7- 9 | 10-12 || total
-------------------------+-------+-------+-------+-------++-------
Melee: War axe           |    78 |   188 |    88 |       ||   354
       Bite              |     7 |    21 |    24 |    62 ||   114
       Broad axe         |       |       |   100 |   343 ||   443
       Scimitar          |       |       |       |     6 ||     6
 Fire: Hunting sling     |     1 |       |       |     4 ||     5
Throw: Stone             |     4 |     3 |       |       ||     7
Invok: Potion Petition   |       |       |       |     2 ||     2
Evoke: Wand              |       |       |    12 |     5 ||    17
  Use: Scroll            |       |       |     8 |     1 ||     9
       Potion            |       |       |     1 |     6 ||     7
 Stab: Distracted        |       |       |       |     2 ||     2
Armor: Scale mail        |    35 |    22 |       |       ||    57
       Chain mail        |       |    50 |    62 |    72 ||   184
       Skin              |       |       |     4 |       ||     4
       Plate armour      |       |       |       |    99 ||    99
Dodge: Dodged            |    27 |    46 |    54 |   160 ||   287
       Repelled          |       |     1 |     1 |       ||     2
Block: Kite shield       |    49 |   126 |   109 |   282 ||   566
       Rpst.: Scimitar   |       |       |       |     1 ||     1
